 Dungeon Crawl Stone Soup version 0.30-a0-847-g17996783a1 (webtiles) character file.

Game seed: 2384185407122441808

2 Pooter the Sneak (level 1, -1/19 HPs)
             Began as a Minotaur Delver on Mar 3, 2023.
             Slain by an orc wizard
             ... wielding a +0 dagger
              (3 damage)
             ... on level 5 of the Dungeon.
             The game lasted 00:01:43 (81 turns).

Pooter the Sneak (Minotaur Delver)                    Turns: 81, Time: 00:01:44

Health: -1/19      AC:  3    Str: 16    XL:     1   Next: 25%
Magic:  0/0        EV: 11    Int:  7    God:
Gold:   0          SH:  0    Dex: 11    Spells: 0/0 levels left

rFire   . . .      SeeInvis .    a - +1 hand axe
rCold   . . .      Faith    .    (no shield)
rNeg    . . .      Spirit   .    b - +0 leather armour
rPois   .          Reflect  .    (helmet restricted)
rElec   .          Rampage  .    (no cloak)
rCorr   .                        (no gloves)
Will    .....                    (no boots)
Stlth   ++                       (no amulet)
HPRegen 0.23/turn                (no ring)
MPRegen 0.07/turn                (no ring)

@: no status effects
A: horns 2, retaliatory headbutt
a: no special abilities


You were on level 5 of the Dungeon.
You visited 1 branch of the dungeon, and saw 2 of its levels.

Inventory:

Hand Weapons
 a - a +1 hand axe (weapon)
Armour
 b - a +0 leather armour (worn)
Wands
 D - a wand of digging (3)
Scrolls
 c - a scroll of fog
 d - a scroll of magic mapping
 e - a scroll of fear
Potions
 f - a potion of haste {@q3}


   Skills:
 + Level 3.6 Fighting
 + Level 2.5 Axes
 * Level 2.2 Dodging
 * Level 4.1 Stealth


You couldn't memorise any spells.
You didn't know any spells.
Your spell library was empty.

Dungeon Overview and Level Annotations

Branches:
Dungeon (6/15)
 Temple: D:4-7

Altars:

Annotations:
D:6 Edmund


Innate Abilities, Weirdness & Mutations

You have a pair of horns on your head.
You reflexively headbutt those who attack you in melee.


Message History

You climb upwards.
There is a stone staircase leading down here.
Found a leather armour.
Found a short sword.
You open the door.
There is an open door here.
Found 4 stones.
Found a scroll labelled VALUUL DAGIS.
g - a scroll labelled VALUUL DAGIS An orc comes into view.
It is wielding a +0 war axe.
An orc wizard comes into view. It is wielding a +0 dagger.
The orc shouts!
You hear a shout! x2
An orc wizard comes into view. It is wielding a +0 dagger.
As you read the scroll labelled VALUUL DAGIS, it crumbles to dust.
It is a scroll of enchant weapon.
Your +0 hand axe glows red for a moment.
An orc is nearby!
An ice beast comes into view.
The orc barely misses you. The orc closely misses you.
The orc wizard closely misses you.
You closely miss the orc wizard.
You headbutt the orc wizard, but do no damage.
You hit the orc. The orc barely misses you.
The orc wizard hits you with a +0 dagger.
You barely miss the orc wizard. You headbutt the orc wizard. You hit the orc.
The orc completely misses you. You furiously retaliate!
You headbutt the orc!
You kill the orc!
The orc wizard hits you with a +0 dagger.
You barely miss the orc wizard. Your headbutt misses the orc wizard.
The orc wizard hits you with a +0 dagger. x2
You hit the orc wizard but do no damage.
The orc wizard hits you with a +0 dagger.
* * * LOW HITPOINT WARNING * * *
You hit the orc wizard. You headbutt the orc wizard.
The orc wizard hits you with a +0 dagger.
* * * LOW HITPOINT WARNING * * *
You closely miss the orc wizard. Your headbutt misses the orc wizard.
The orc wizard hits you with a +0 dagger.
* * * LOW HITPOINT WARNING * * *
You closely miss the orc wizard. The orc wizard misses you.
You furiously retaliate!
You headbutt the orc wizard.
Unknown command.
You hit the orc wizard.
The orc wizard hits you but does no damage.
The orc wizard gestures at you while chanting.
The magic dart hits you.
* * * LOW HITPOINT WARNING * * *
You miss the orc wizard.
The orc wizard hits you with a +0 dagger.
You die...

#.#...###.# #.#
#.....# #.# #o###.###
#.# #.# #.# ... #.#
###.# #.# #.# #.#
#...###.####.### #.#
#.#............####.#
#...)o...............
#.#.@................
###..................
+...........#####..
#...........# #.#
#...........# #.#
###+######### #.# #.#
#.# ###.#


You could see an orc wizard.

Vanquished Creatures
  An orc (D:5)
1 creature vanquished.

Notes
Turn   | Place    | Note
-------+----------+-------------------------------------------
     0 | D:5      | Pooter the Minotaur Delver began the quest for the Orb.
     0 | D:5      | Reached XP level 1. HP: 19/19 MP: 0/0
    12 | D:6      | Noticed Edmund
    60 | D:5      | Noticed an orc wizard
    61 | D:5      | Noticed an orc wizard
    69 | D:5      | Noticed an ice beast
    81 | D:5      | Slain by an orc wizard

Illustrated notes

Levels and vault maps discovered:
D:5:      layout_basic
D:6:      layout_cave_pools, nicolae_uskayaw_dance_studio,
          chequers_temple_overflow_statue_of_worship, uniq_blork_the_orc,
          uniq_edmund

Action                     || total
---------------------------++-------
  Melee: Hand axe          ||     9
         Headbutt          ||     3
    Use: Scroll            ||     1
 Armour: Leather armour    ||     1
  Dodge: Dodged            ||     6

Table legend: (Time is in decaauts)
 A = Elapsed time spent in this place.
 B = Non-inter-level travel time spent in this place.
 C = Inter-level travel time spent in this place.
 D = Time resting spent in this place.
 E = Time spent auto-exploring this place.
 F = Levels seen in this place.
 G = Mean time per level.
                   A        B        C        D        E       F      G
               +--------+--------+--------+--------+--------+-----+--------+
         Total |     82 |     82 |      0 |      0 |      6 |   2 |   41.0 |
       Dungeon |     82 |     82 |      0 |      0 |      6 |   2 |   41.0 |
               +--------+--------+--------+--------+--------+-----+--------+

Top non-repeatable levels by time:
     D:5: 81 daAuts
     D:6: 1 daAuts
